 Dungeon Crawl Stone Soup version 0.31-a0-167-g1c394c0614 (webtiles) character file.

Game seed: 8462382819256181229

18 qw the Shooter (level 2, -4/26 HPs)
             Began as a Naga Hunter on June 14, 2023.
             Slain by an iguana (14 damage)
             ... on level 2 of the Dungeon.
             The game lasted 00:00:13 (640 turns).

qw the Shooter (Naga Hunter)                         Turns: 640, Time: 00:00:13

Health: -4/26      AC:  2    Str: 13    XL:     2   Next: 70%
Magic:  2/2        EV:  9    Int:  9    God:
Gold:   59         SH:  0    Dex: 14    Spells: 1/1 levels left

rFire   . . .        Y - +0 shortbow
rCold   . . .        (shield currently unavailable)
rNeg    . . .        c - +0 leather armour
rPois   +            (no helmet)
rElec   .            (no cloak)
rCorr   .            (no gloves)
SInv    +            (no barding)
Will    .....        d - amulet of faith
Stlth   ++           (no ring)
HPRegen 0.24/turn    (no ring)
MPRegen 0.08/turn

%: faith
@: short of breath, very slow
A: AC +0, large, see invisible, deformed body, poison resistance, slowness 2,
spit poison 1, naga tail 1
a: Spit Poison


You were on level 2 of the Dungeon.
You visited 1 branch of the dungeon, and saw 2 of its levels.

You collected 59 gold pieces.


Innate Abilities, Weirdness & Mutations

Your serpentine skin is tough. (AC +0)
You have supernaturally acute eyesight. (SInv)
Armour fits poorly on your strangely shaped body.
Your system is resistant to poisons. (rPois)
You cover ground very slowly.
You can spit poison.
You have a snake-like lower body.


   Skills:
 - Level 2.0 Fighting
 + Level 4.3 Ranged Weapons
 - Level 1.5 Dodging
 - Level 1.5 Stealth


You had one spell level left.
You didn't know any spells.
Your spell library was empty.

Inventory:

Hand Weapons
 Y - a +0 shortbow (weapon)
Armour
 c - a +0 leather armour (worn)
Jewellery
 d - an amulet of faith (around neck)
Potions
 g - a potion of enlightenment {unknown}

Dungeon Overview and Level Annotations

Branches:
Dungeon (2/15)

Altars:


Message History

An iguana comes into view.
The iguana hisses angrily.
You see here a bat corpse.
You shoot an arrow. The arrow barely misses the iguana.
You have got your breath back.
A goblin comes into view. It is wielding a +0 club.
635 ||| INVOKING Spit Poison.
Aiming: Spit Poison (2% risk of failure)
Press: ? - help, Shift-Dir - straight line, f/p - iguana The splash of poison misses the iguana.
You hear a shout! x2
You shoot an arrow. The goblin shouts!
The arrow hits the iguana.
The iguana is heavily wounded.
A goblin comes into view. It is wielding a +0 club.
You shoot an arrow.
The arrow hits the iguana but does no damage.
The iguana is heavily wounded.
A quokka comes into view.
The iguana bites you.
You shoot an arrow. The arrow barely misses the iguana.
The arrow closely misses the goblin.
The arrow hits the goblin but does no damage.
The iguana bites you!
Ouch! That really hurt!
You shoot an arrow. The arrow barely misses the iguana.
The arrow barely misses the goblin.
The arrow hits the goblin.
The goblin is moderately wounded.
You have got your breath back.
The iguana closely misses you. The quokka barely misses you.
The iguana barely misses you.
640 ||| INVOKING Spit Poison.
Aiming: Spit Poison (2% risk of failure)
Press: ? - help, Shift-Dir - straight line, f/p - iguana The splash of poison hits the iguana.
The iguana is poisoned.
The iguana is heavily wounded.
The quokka bites you. The quokka barely misses you. The iguana bites you!
Ouch! That really hurt!
You die...

#####
...###
....#
#.#.#
#r#.####..
#<@.......
##l#####).
#g# #g#
#.# ...
... ###


You could see an iguana (poisoned), a quokka and 2 goblins.

Vanquished Creatures
  2 ball pythons
  2 endoplasms (D:1)
  A goblin (D:1)
  2 hobgoblins (D:1)
  A quokka (D:1)
  3 bats
  3 frilled lizards (D:1)
  2 kobolds (D:1)
  3 rats (D:1)
19 creatures vanquished.

Notes
Turn   | Place    | Note
-------+----------+-------------------------------------------
     0 | D:1      | qw the Naga Hunter began the quest for the Orb.
     0 | D:1      | Reached XP level 1. HP: 19/19 MP: 1/1
     0 | D:1      | 0 ||| qw: Version: 0.2-a-29-g1fa15c8
     0 | D:1      | 0 ||| qw: Game counter: 5030
     0 | D:1      | 0 ||| qw: Always use a shield: true
     0 | D:1      | 0 ||| qw: God list: Okawaru
     0 | D:1      | 0 ||| qw: Allow faded altars: false
     0 | D:1      | 0 ||| qw: Do Orc after D:15 true
     0 | D:1      | 0 ||| qw: Do second Lair branch before Depths: true
     0 | D:1      | 0 ||| qw: Lair rune preference: random
     0 | D:1      | 0 ||| qw: Plans: Normal
     0 | D:1      | 0 ||| PLANNING D:1-11
    74 | D:1      | 74 ||| INVOKING Spit Poison.
    98 | D:1      | 98 ||| INVOKING Spit Poison.
   109 | D:1      | 109 ||| INVOKING Spit Poison.
   160 | D:1      | 160 ||| INVOKING Spit Poison.
   189 | D:1      | Reached skill level 4 in Ranged Weapons
   189 | D:1      | Reached XP level 2. HP: 26/26 MP: 2/2
   204 | D:1      | 204 ||| INVOKING Spit Poison.
   242 | D:1      | 242 ||| INVOKING Spit Poison.
   246 | D:1      | 246 ||| INVOKING Spit Poison.
   323 | D:1      | 323 ||| INVOKING Spit Poison.
   407 | D:1      | 407 ||| INVOKING Spit Poison.
   426 | D:1      | 426 ||| INVOKING Spit Poison.
   446 | D:1      | 446 ||| INVOKING Spit Poison.
   603 | D:1      | 603 ||| UPGRADING to amulet of faith.
   608 | D:1      | 608 ||| READING scroll labelled BILYOTAHAT.
   609 | D:1      | 609 ||| READING scroll labelled MIOT MAEGUA.
   613 | D:1      | 613 ||| DROPPING scroll of butterflies.
   628 | D:2      | 628 ||| INVOKING Spit Poison.
   635 | D:2      | 635 ||| INVOKING Spit Poison.
   640 | D:2      | 640 ||| INVOKING Spit Poison.
   640 | D:2      | Slain by an iguana

Levels and vault maps discovered:
D:1:      tarquinn_simple_flora_water_c, layout_loops_ring
D:2:      layout_loops_ring, basic_altar

Skill      XL: |  1 |
---------------+----+-----
Ranged Weapons | 4 |  4.3
Fighting       | |  2.0
Dodging        | |  1.5
Stealth        | |  1.5

Action                     || total
---------------------------++-------
   Fire: Shortbow          ||    28
Ability: Spit Poison       ||    14
    Use: Scroll            ||     2
  Dodge: Dodged            ||     9

Table legend:
 A = Non-vault XP
 B = Vault XP
 C = Vault XP percentage of total XP
 D = Non-vault monster count
 E = Vault monster count
 F = Vault count percentage of total count
                 A         B        C        D         E       F
            +---------+---------+-------+---------+---------+-------
      Total |      27 |       0 |   0.0 |      19 |       0 |   0.0
            +---------+---------+-------+---------+---------+-------
        D:1 |      25 |       0 |   0.0 |      17 |       0 |   0.0
        D:2 |       2 |       0 |   0.0 |       2 |       0 |   0.0
            +---------+---------+-------+---------+---------+-------
